AoeStats
← leonor22

Arena

509909514Analyzed
4v4 RM · 3d ago on Sep 28, 2026· 60m 20s· 8 players
Game mode
Random Map
Map size
Large (8 player)
Population
200
Speed
Normal
Resources
Standard
Victory
Conquest
Starting age
Dark Age
Ending age
Imperial Age
RankedLock teamsTeams togetherTeam positionsShared explorationLock speedFull tech treeHidden civsTurbo modeCheats
Victory
Defeat
🇨🇴 Vietnamese · Colombia
1195
+11
🇨🇴 Khmer · Colombia
1098
+14
🇨🇴 Celts · Colombia
964
+20
🇺🇸 Danes · United States
926
+22
🇩🇪 Italians · Germany
1084
-18
🇪🇸 Saxons · Spain
1057
-17
🇨🇳 Mongols · China
1046
-16
🇳🇱 Danes · Netherlands
1038
-16
MrSniffers
11:29 Feudal Age
12:29 Loom
15:21 Castle Age
14:31 Double-Bit Axe
14:58 Stone Mining
31:36 Wheelbarrow
31:08 Horse Collar
33:15 Gold Mining
33:38 Bow Saw
33:41 Heavy Plow
37:31 Imperial Age
37:09 Hand Cart
38:39 Pikeman
38:42 Elite Varangian Guard
tortodde
9:40 Feudal Age
10:38 Double-Bit Axe
10:35 Horse Collar
16:42 Castle Age
18:14 Bow Saw
18:06 Heavy Plow
19:48 Stone Mining
21:35 Gold Mining
40:27 Padded Archer Armor
40:17 Fletching
40:38 Forging
40:28 Scale Mail Armor
alexvolt4
5:23 Loom
11:28 Feudal Age
15:20 Castle Age
16:09 Double-Bit Axe
17:16 Clerical Recruitment
18:28 Bow Saw
20:10 Sanctity
19:56 Fletching
19:57 Town Watch
23:04 Horse Collar
25:13 Wheelbarrow
29:28 Imperial Age
28:24 Scale Mail Armor
28:34 Forging
29:48 Hand Cart
29:59 Hand Cart
30:30 Chain Mail Armor
30:51 Iron Casting
29:47 Shield Wall
32:01 Plate Mail Armor
33:55 Iron Casting
35:05 Squires
34:51 Gambesons
35:41 Arson
39:22 Fletching
40:52 Siege Engineers
41:48 Chemistry
43:08 Man-at-Arms
44:57 Capped Ram
45:59 Elite Varangian Guard
Q力山大一世
10:01 Feudal Age
10:55 Double-Bit Axe
13:48 Castle Age
12:54 Horse Collar
20:30 Fervor
23:08 Wheelbarrow
23:41 Gold Mining
24:33 Hand Cart
26:42 Gold Shaft Mining
25:58 Stone Mining
29:14 Imperial Age
26:30 Loom
26:30 Town Watch
26:49 Padded Archer Armor
28:20 Leather Archer Armor
27:55 Fletching
28:25 Town Patrol
28:34 Scale Barding Armor
29:29 Stone Shaft Mining
29:11 Forging
29:14 Bloodlines
29:04 Husbandry
29:34 Ballistics
29:28 Fortified Wall
29:29 Thumb Ring
29:37 Heavy Plow
29:55 Bodkin Arrow
31:14 Conscription
30:54 Murder Holes
32:00 Chemistry
31:29 Chain Barding Armor
31:48 Iron Casting
30:57 Light Cavalry
32:26 Siege Engineers
32:32 Masonry
32:42 Bow Saw
32:03 Elite Mangudai
34:35 Bracer
35:36 Blast Furnace
34:06 Capped Ram
35:35 Hussar
37:35 Drill
42:26 Hoardings
43:45 Herbal Medicine
45:15 Siege Ram
59:40 Nomads
CHOCORRAMERO
10:45 Feudal Age
17:11 Castle Age
16:05 Stone Mining
16:07 Gold Mining
16:38 Double-Bit Axe
18:00 Horse Collar
20:19 Heavy Plow
23:49 Gold Shaft Mining
23:52 Wheelbarrow
25:30 Forging
26:31 Arson
26:47 Squires
28:08 Stone Shaft Mining
31:53 Imperial Age
29:51 Bow Saw
29:55 Scale Mail Armor
31:32 Iron Casting
32:10 Chain Mail Armor
33:07 Hamask
34:25 Hand Cart
34:01 Town Watch
35:08 Elite Varangian Guard
37:43 Chemistry
44:35 Blast Furnace
45:55 Plate Mail Armor
46:34 Capped Ram
48:01 Cranequins
48:03 Heavy Mounted Crossbowman
54:00 Town Patrol
julianlgp
10:02 Feudal Age
14:49 Castle Age
13:11 Double-Bit Axe
15:06 Horse Collar
15:40 Loom
22:32 Heavy Plow
22:45 Bow Saw
23:44 Gold Mining
24:57 Padded Archer Armor
24:52 Fletching
27:44 Leather Archer Armor
31:50 Imperial Age
29:32 Stone Mining
31:26 Wheelbarrow
31:18 Town Watch
34:24 Bodkin Arrow
35:00 Ring Archer Armor
35:39 Chemistry
36:22 Bracer
37:34 Hand Cart
38:50 Paper Money
40:12 Hoardings
39:44 Murder Holes
40:48 Chatras
41:29 Ballistics
40:50 Treadmill Crane
44:48 Town Patrol
45:50 Crop Rotation
45:22 Scale Mail Armor
45:33 Forging
45:28 Scale Barding Armor
47:13 Elite Rattan Archer
48:10 Chain Mail Armor
48:31 Iron Casting
49:44 Stone Shaft Mining
49:23 Siege Engineers
49:52 Plate Mail Armor
48:58 Pikeman
49:39 Squires
49:26 Arson
53:07 Elite Fire Lancer
56:54 Masonry
58:05 Thumb Ring
57:20 Elite Skirmisher
57:30 Halberdier
58:08 Imperial Skirmisher
60:14 Chain Barding Armor
60:06 Careening
60:28 Coinage
59:59 Caravan
60:10 Guilds
Ctrl Gio
12:04 Feudal Age
12:17 Feudal Age
15:24 Castle Age
14:24 Double-Bit Axe
15:10 Gold Mining
15:03 Horse Collar
17:12 Wheelbarrow
17:00 Bloodlines
22:11 Loom
22:40 Husbandry
25:24 Forging
26:55 Scale Barding Armor
29:29 Town Watch
30:20 Iron Casting
29:28 Light Cavalry
31:14 Town Patrol
31:47 Heavy Plow
32:44 Chain Barding Armor
45:04 Imperial Age
46:15 Bow Saw
46:43 Gold Shaft Mining
47:41 Blast Furnace
46:22 Hussar
48:20 Crop Rotation
50:37 Elite Battle Elephant
52:06 Plate Barding Armor
53:10 Stone Mining
56:39 Stone Shaft Mining
56:49 Conscription
57:26 Double Crossbow
60:02 Tusk Swords
leonor22
8:10 Loom
10:23 Feudal Age
14:57 Loom
20:18 Castle Age
18:24 Horse Collar
19:09 Double-Bit Axe
25:32 Forging
28:02 Gold Mining
29:25 Scale Mail Armor
32:09 Town Watch
34:51 Wheelbarrow
34:31 Bow Saw
36:37 Iron Casting
45:23 Heavy Plow
48:32 Imperial Age
48:14 Chain Mail Armor
48:37 Heavy Scorpion
53:31 Blast Furnace
54:34 Conscription
54:17 Stronghold
55:06 Hoardings
58:06 Plate Mail Armor
61:08 Furor Celtica
Connection lost

Rejoining the realm…

Still unreachable

The connection could not be restored.

Session expired

The server has moved on; the page needs a fresh start.